Sewer Rats vs Mulligans
Created - December 9, 2019 at 19:02
Goals
|
| Sewer Rats |
2 |
2 |
3 |
7 |
| Mulligans |
1 |
1 |
4 |
6 |
|
Shots
|
| Sewer Rats |
12 |
10 |
19 |
41 |
| Mulligans |
3 |
11 |
14 |
28 |
|
1st period
1. Sewer Rats , Daniel Carr 8 (Jonathan Marchessault 13) at 12:27
2. Mulligans , Logan Shaw 9 (Maxime Macenauer 6) at 15:43
3. Sewer Rats , Vincent Trocheck 10 (Tomas Tatar 12) at 16:34 (PP)
Penalties :
Daniel Carr (Tol) for Slashing (Minor) at 4:00, Darren Dietz (Rep) for Diving (Minor) at 16:24, Mark Mancari (Tol) for Interference (Minor) at 16:57
2nd period
4. Sewer Rats , Nick Cousins 9 (Martin Frk 9, Steven Kampfer 15) at 3:34
5. Sewer Rats , Anthony Duclair 1 (Jared McCann 4) at 4:35
6. Mulligans , Maxime Macenauer 9 (Matt Beleskey 14, Logan Shaw 12) at 7:42
Penalties :
Jonathan Ferland (Rep) for Roughing (Minor) at 4:38, Joel Edmundson (Tol) for Roughing (Minor) at 9:22, Vincent Trocheck (Tol) for Tripping (Minor) at 16:16
3rd period
7. Sewer Rats , Jarred Tinordi 3 (Mark Mancari 16, Vincent Trocheck 30) at 1:22
8. Mulligans , Anton Lander 7 (Eric Tangradi 11, Michael Sdao 8) at 4:42 (PP)
9. Sewer Rats , Jonathan Marchessault 11 (Erik Condra 10, Jarred Tinordi 15) at 5:19
10. Mulligans , Jonathan Ferland 9 (Eric Tangradi 12, Anton Lander 25) at 12:34 (PP)
11. Mulligans , Jonathan Ferland 10 (Anton Lander 26) at 14:13
12. Mulligans , Maxime Macenauer 10 (Logan Shaw 13, Cody Goloubef 10) at 15:17 (PP)
13. Sewer Rats , Dmitrij Jaskin 12 (Ryan Murphy 5, Joel Edmundson 9) at 19:08
Penalties :
Jonathan Racine (Tol) for Tripping (Minor) at 4:25, Mark Mancari (Tol) for Cross-checking (Minor) at 6:48, Tomas Tatar (Tol) for Slashing (Minor) at 12:26, Jarred Tinordi (Tol) for Slashing (Minor) at 14:41
Goalie Stats
Marek Mazanek (Tol), 22 saves from 28 shots - (0.786), W, 13-1-0, 60:00 minutes
Calvin Pickard (Rep), 14 saves from 18 shots - (0.778), 24:35 minutes
Juuse Saros (Rep), 20 saves from 23 shots - (0.870), L, 2-1-1, 34:39 minutes
Players Stats for Sewer Rats
Player Name G A P +/- PIM S H SB GA TA FO MP PP MP PK MP
------------------------------------------------------------------------------------
Anthony Duclair 1 0 1 1 0 6 1 0 0 0 0/1 7:52 0:00 0:00
Connor Carrick 0 0 0 1 0 1 0 2 0 1 0/0 11:35 0:00 1:21
Daniel Carr 1 0 1 2 2 4 2 0 0 1 0/0 15:36 0:55 1:41
Dmitrij Jaskin 1 0 1 1 0 4 1 0 0 0 0/2 11:23 0:00 3:26
Erik Condra 0 1 1 2 0 1 0 0 0 0 0/0 16:05 0:55 2:24
Jared McCann 0 1 1 1 0 0 0 0 0 0 2/5 7:52 0:00 0:00
Jarred Tinordi 1 1 2 2 2 2 1 4 0 2 0/0 26:30 1:20 6:13
Joel Edmundson 0 1 1 0 2 0 0 0 0 0 0/0 16:36 0:49 3:13
John Ramage 0 0 0 1 0 0 1 1 0 2 0/0 10:14 0:00 0:00
Jonathan Marchessault 1 1 2 2 0 8 3 0 0 0 4/9 13:26 0:55 0:00
Jonathan Racine 0 0 0 0 2 0 0 0 0 0 0/0 5:07 0:00 0:00
Joseph Blandisi 0 0 0 -1 0 1 1 0 0 1 0/0 11:42 0:00 0:31
Mark Mancari 0 1 1 1 4 3 0 0 2 0 4/8 20:17 1:14 3:59
Martin Frk 0 1 1 -1 0 2 0 0 0 0 0/0 11:11 0:00 0:00
Nick Cousins 1 0 1 -1 0 4 0 1 0 0 7/10 11:54 0:00 0:35
Ryan Murphy 0 1 1 0 0 0 2 0 0 3 0/0 17:31 0:49 4:07
Steven Kampfer 0 1 1 2 0 2 1 3 0 1 0/0 27:07 1:20 6:49
Tomas Tatar 0 1 1 1 2 1 0 1 0 0 0/3 21:46 1:14 5:57
Vincent Trocheck 1 1 2 1 2 2 1 0 0 0 13/27 19:48 1:14 3:19
Xavier Ouellet 0 0 0 0 0 0 0 0 0 0 0/0 5:24 0:00 0:09
Players Stats for Mulligans
Player Name G A P +/- PIM S H SB GA TA FO MP PP MP PK MP
------------------------------------------------------------------------------------
Anton Lander 1 2 3 -2 0 1 0 1 1 0 23/42 22:27 6:07 0:37
Ben Hutton 0 0 0 -3 0 1 2 3 1 0 0/0 18:49 4:38 0:56
Cade Fairchild 0 0 0 -3 0 0 2 2 0 0 0/0 18:49 4:38 0:56
Cody Goloubef 0 1 1 1 0 1 0 1 0 1 0/0 29:04 6:18 1:13
Darren Dietz 0 0 0 -1 2 0 0 0 0 0 0/0 12:06 0:00 0:00
Drayson Bowman 0 0 0 0 0 1 1 1 0 0 1/1 11:53 0:00 0:42
Eric Tangradi 0 2 2 -2 0 1 2 1 2 0 1/3 23:00 6:07 1:11
Jonathan Ferland 2 0 2 -2 2 5 2 1 0 0 2/2 21:59 6:07 0:10
Joonas Donskoi 0 0 0 0 0 4 0 0 1 0 1/2 11:53 0:00 0:43
Logan Shaw 1 2 3 0 0 2 2 0 1 0 0/1 18:30 4:49 0:00
Matt Beleskey 0 1 1 0 0 4 1 0 2 0 0/0 18:30 4:49 0:00
Maxime Macenauer 2 1 3 0 0 3 1 0 2 0 3/6 18:30 4:49 0:00
Michael Sdao 0 1 1 1 0 0 2 1 0 0 0/0 29:04 6:18 1:13
Robbie Russo 0 0 0 -1 0 0 0 1 0 1 0/0 12:07 0:00 0:00
Robby Fabbri 0 0 0 -1 0 0 1 0 0 0 1/1 6:21 0:00 0:00
Sam Bennett 0 0 0 0 0 2 1 0 0 0 2/6 11:10 0:00 0:00
Sven Baertschi 0 0 0 -1 0 3 0 1 1 0 1/1 7:16 0:00 0:55
Valeri Nichushkin 0 0 0 -1 0 0 0 0 0 0 0/0 6:21 0:00 0:00
3 Stars
1 - Maxime Macenauer (Rep)
2 - Jonathan Marchessault (Tol)
3 - Logan Shaw (Rep)
Power Play
Sewer Rats - 1 on 2 Attempt(s) - 50.00%
Mulligans - 3 on 8 Attempt(s) - 37.50%
Penalty Kill
Sewer Rats - 5 on 8 Attempt(s) - 62.50%
- Score 0 goal in Penalty Kill
Mulligans - 1 on 2 Attempt(s) - 50.00%
- Score 0 goal in Penalty Kill
Team Stat
Sewer Rats - Hits : 14 - Faceoff Wins : 30 - Blocked Shots : 12 - Penalty Minutes : 16
Mulligans - Hits : 17 - Faceoff Wins : 35 - Blocked Shots : 13 - Penalty Minutes : 4
Official
Referees : Unknown
Linesman : Unknown
Game Notes
Juuse Saros enters game at 4:35 of 2nd period
Finance
Level 1 -- Attendance: 1430 (71.50%) -- Ticket Income $28,600
Level 2 -- Attendance: 812 (81.20%) -- Ticket Income $8,120
Total Attendance: 2242 (74.73%)
Total Ticket Income: $36,720
Other Income: $1,836
Total Income: $38,556
Sewer Rats
5 vs 5 Forward
Center Left Wing Right Wing Time % Phy DF OF
1 Vincent Trocheck Tomas Tatar Mark Mancari 35 1 2 2
2 Jonathan Marchessault Daniel Carr Erik Condra 30 1 2 2
3 Nick Cousins Joseph Blandisi Martin Frk 20 1 2 2
4 Jared McCann Anthony Duclair Dmitrij Jaskin 15 1 2 2
5 vs 5 Defense
Defense Defense Time % Phy DF OF
1 Steven Kampfer Jarred Tinordi 40 1 2 2
2 Joel Edmundson Ryan Murphy 30 1 2 2
3 John Ramage Connor Carrick 20 1 2 2
4 Xavier Ouellet Jonathan Racine 10 1 2 2
PowerPlay Forward
Center Left Wing Right Wing Time % Phy DF OF
1 Vincent Trocheck Tomas Tatar Mark Mancari 60 1 2 2
2 Jonathan Marchessault Daniel Carr Erik Condra 40 1 2 2
PowerPlay Defense
Defense Defense Time % Phy DF OF
1 Steven Kampfer Jarred Tinordi 60 1 2 2
2 Joel Edmundson Ryan Murphy 40 1 2 2
Penalty Kill 4 Players Forward
Center Wing Time % Phy DF OF
1 Mark Mancari Tomas Tatar 60 1 2 2
2 Vincent Trocheck Erik Condra 40 1 2 2
Penalty Kill 4 Players Defense
Defense Defense Time % Phy DF OF
1 Steven Kampfer Jarred Tinordi 60 1 2 2
2 Joel Edmundson Ryan Murphy 40 1 2 2
Penalty Kill - 3 Players Forward
Forward Time % Phy DF OF
1 Mark Mancari 60 1 2 2
2 Tomas Tatar 40 1 2 2
Penalty Kill - 3 Players Defense
Defense Defense Time % Phy DF OF
1 Steven Kampfer Jarred Tinordi 60 1 2 2
2 Joel Edmundson Ryan Murphy 40 1 2 2
4 vs 4 Forward
Center Wing Time % Phy DF OF
1 Mark Mancari Tomas Tatar 60 1 2 2
2 Vincent Trocheck Erik Condra 40 1 2 2
4 vs 4 Defense
Defense Defense Time % Phy DF OF
1 Steven Kampfer Jarred Tinordi 60 1 2 2
2 Joel Edmundson Ryan Murphy 40 1 2 2
Last Minutes Offensive
Center Left Wing Right Wing Defense Defense
Vincent Trocheck Tomas Tatar Mark Mancari Steven Kampfer Jarred Tinordi
Last Minutes Defensive
Center Left Wing Right Wing Defense Defense
Vincent Trocheck Tomas Tatar Mark Mancari Steven Kampfer Jarred Tinordi
Goaltenders
Starting : Marek Mazanek
Backup : Darcy Kuemper
Extra Forwards
Normal : Martin Frk, Nick Cousins, Dmitrij Jaskin - PP : Martin Frk, Nick Cousins - PK : Dmitrij Jaskin
Extra Defensemen
Normal : John Ramage, Connor Carrick, Xavier Ouellet - PP : John Ramage - PK : Connor Carrick, Xavier Ouellet
Penalty Shots
Mark Mancari, Tomas Tatar, Vincent Trocheck, Erik Condra, Jonathan Marchessault
Scratches
Dominik Kubalik (Healthy), Stefan Elliott (Right Foot Injury), Josh Archibald (Healthy), Tyler Motte (Healthy), Chris Calhan (Healthy)
Mark Friedman (Healthy), Michael Dal Colle (Healthy), Matteson Iacopelli (Healthy), Sergei Kostenko (Healthy), Antoine Bibeau (Healthy)
Mulligans
5 vs 5 Forward
Center Left Wing Right Wing Time % Phy DF OF
1 Anton Lander Eric Tangradi Jonathan Ferland 40 1 2 2
2 Maxime Macenauer Matt Beleskey Logan Shaw 30 1 2 2
3 Sam Bennett Drayson Bowman Joonas Donskoi 20 1 2 2
4 Robby Fabbri Sven Baertschi Valeri Nichushkin 10 1 2 2
5 vs 5 Defense
Defense Defense Time % Phy DF OF
1 Cody Goloubef Michael Sdao 40 1 2 2
2 Ben Hutton Cade Fairchild 30 1 2 2
3 Darren Dietz Robbie Russo 20 1 2 2
4 Cody Goloubef Michael Sdao 10 1 2 2
PowerPlay Forward
Center Left Wing Right Wing Time % Phy DF OF
1 Anton Lander Eric Tangradi Jonathan Ferland 60 1 2 2
2 Maxime Macenauer Matt Beleskey Logan Shaw 40 1 2 2
PowerPlay Defense
Defense Defense Time % Phy DF OF
1 Cody Goloubef Michael Sdao 60 1 2 2
2 Ben Hutton Cade Fairchild 40 1 2 2
Penalty Kill 4 Players Forward
Center Wing Time % Phy DF OF
1 Eric Tangradi Jonathan Ferland 60 1 2 2
2 Anton Lander Maxime Macenauer 40 1 2 2
Penalty Kill 4 Players Defense
Defense Defense Time % Phy DF OF
1 Cody Goloubef Michael Sdao 60 1 2 2
2 Ben Hutton Cade Fairchild 40 1 2 2
Penalty Kill - 3 Players Forward
Forward Time % Phy DF OF
1 Eric Tangradi 60 1 2 2
2 Jonathan Ferland 40 1 2 2
Penalty Kill - 3 Players Defense
Defense Defense Time % Phy DF OF
1 Cody Goloubef Michael Sdao 60 1 2 2
2 Ben Hutton Cade Fairchild 40 1 2 2
4 vs 4 Forward
Center Wing Time % Phy DF OF
1 Eric Tangradi Jonathan Ferland 60 1 2 2
2 Anton Lander Maxime Macenauer 40 1 2 2
4 vs 4 Defense
Defense Defense Time % Phy DF OF
1 Cody Goloubef Michael Sdao 60 1 2 2
2 Ben Hutton Cade Fairchild 40 1 2 2
Last Minutes Offensive
Center Left Wing Right Wing Defense Defense
Anton Lander Eric Tangradi Jonathan Ferland Cody Goloubef Michael Sdao
Last Minutes Defensive
Center Left Wing Right Wing Defense Defense
Anton Lander Eric Tangradi Jonathan Ferland Cody Goloubef Michael Sdao
Goaltenders
Starting : Calvin Pickard
Backup : Juuse Saros
Extra Forwards
Normal : Drayson Bowman, Sven Baertschi, Joonas Donskoi - PP : Drayson Bowman, Sven Baertschi - PK : Joonas Donskoi
Extra Defensemen
Normal : Darren Dietz, Robbie Russo, Ben Hutton - PP : Darren Dietz - PK : Robbie Russo, Ben Hutton
Penalty Shots
Eric Tangradi, Jonathan Ferland, Anton Lander, Maxime Macenauer, Matt Beleskey
Scratches
Reid Boucher (Healthy), Nick Moutrey (Healthy), Dalton Thrower (Strained Right Knee Injury), John Hayden (Healthy), Jonny Brodzinski (Healthy)
Cristiano Digiacinto (Healthy)
% Time on Ice - Sewer Rats
Lines # - Real PCT - Wanted PCT - Time Play
Normal Forward
1 - 31% - 35% - 14:15
2 - 28% - 30% - 12:46
3 - 24% - 20% - 11:11
4 - 17% - 15% - 7:52
Normal Defense
1 - 39% - 40% - 18:07
2 - 27% - 30% - 12:35
3 - 22% - 20% - 10:14
4 - 11% - 10% - 5:08
PP Forward
1 - 57% - 60% - 1:14
2 - 43% - 40% - 0:55
PP Defense
1 - 62% - 60% - 1:20
2 - 38% - 40% - 0:49
PK Forward
1 - 78% - 60% - 8:32
2 - 22% - 40% - 2:24
PK Defense
1 - 62% - 60% - 6:49
2 - 38% - 40% - 4:07
PK3 Forward
1 - 0% - 60%
2 - 0% - 40%
PK3 Defense
1 - 0% - 60%
2 - 0% - 40%
44 Forward
1 - 0% - 60%
2 - 0% - 40%
44 Defense
1 - 0% - 60%
2 - 0% - 40%
Last Minute Offensive - 0:00
Last Minute Defensive - 0:51
Total
Forward - 60:00
Defense - 60:00
|
% Time on Ice - Mulligans
Lines # - Real PCT - Wanted PCT - Time Play
Normal Forward
1 - 32% - 40% - 14:52
2 - 30% - 30% - 13:41
3 - 24% - 20% - 11:10
4 - 14% - 10% - 6:21
Normal Defense
1 - 41% - 40% - 18:50
2 - 29% - 30% - 13:15
3 - 26% - 20% - 12:07
4 - 4% - 10% - 1:52
PP Forward
1 - 56% - 60% - 6:07
2 - 44% - 40% - 4:49
PP Defense
1 - 58% - 60% - 6:18
2 - 42% - 40% - 4:38
PK Forward
1 - 100% - 60% - 2:09
2 - 0% - 40% - 0:00
PK Defense
1 - 57% - 60% - 1:13
2 - 43% - 40% - 0:56
PK3 Forward
1 - 0% - 60%
2 - 0% - 40%
PK3 Defense
1 - 0% - 60%
2 - 0% - 40%
44 Forward
1 - 0% - 60%
2 - 0% - 40%
44 Defense
1 - 0% - 60%
2 - 0% - 40%
Last Minute Offensive - 0:51
Last Minute Defensive - 0:00
Total
Forward - 60:00
Defense - 60:00
|
Play-by-Play
1st period
0:01 of 1st period - Anton Lander wins face-off versus Vincent Trocheck in neutral zone.
0:34 of 1st period - Wrist shot by Matt Beleskey.
0:34 of 1st period - Shot Misses the Net.
1:10 of 1st period - Snap shot by Dmitrij Jaskin.
1:10 of 1st period - Shot Blocked by Cade Fairchild.
1:19 of 1st period - Off-side.
1:20 of 1st period - Anton Lander wins face-off versus Tomas Tatar in neutral zone.
2:00 of 1st period - Vincent Trocheck is hit by Sam Bennett and loses puck.
2:22 of 1st period - John Ramage is hit by Logan Shaw.
2:38 of 1st period - Off-side.
2:39 of 1st period - Jonathan Marchessault wins face-off versus Anton Lander in neutral zone.
2:48 of 1st period - Wrist shot by Jonathan Marchessault.
2:48 of 1st period - Shot Blocked by Ben Hutton.
4:00 of 1st period - Minor Penalty to Daniel Carr for Slashing.
4:01 of 1st period - Mark Mancari wins face-off versus Anton Lander in Sewer Rats zone.
4:14 of 1st period - Snap shot by Jonathan Ferland.
4:14 of 1st period - Shot Misses the Net.
4:16 of 1st period - Snap shot by Jonathan Ferland.
4:16 of 1st period - Shot Misses the Net.
4:32 of 1st period - Wrist shot by Logan Shaw.
4:32 of 1st period - Shot Blocked by Jarred Tinordi.
4:34 of 1st period - Slapshot by Michael Sdao.
4:34 of 1st period - Shot Misses the Net.
4:36 of 1st period - Backhand shot by Cody Goloubef.
4:36 of 1st period - Shot Misses the Net.
6:00 of 1st period - Penalty to Daniel Carr is over, Daniel Carr is back on ice.
8:41 of 1st period - Snap shot by Dmitrij Jaskin.
8:41 of 1st period - Stopped by Calvin Pickard with a rebound.
9:01 of 1st period - Jonathan Marchessault is hit by Eric Tangradi and loses puck.
9:31 of 1st period - Robby Fabbri is hit by Jonathan Marchessault and loses puck.
9:46 of 1st period - Snap shot by Matt Beleskey.
9:46 of 1st period - Stopped by Marek Mazanek with a rebound.
9:56 of 1st period - Snap shot by Dmitrij Jaskin.
9:56 of 1st period - Deflect By Anthony Duclair.
9:56 of 1st period - Stopped by Calvin Pickard with a rebound.
10:10 of 1st period - Anton Lander is hit by Anthony Duclair and loses puck.
10:44 of 1st period - Snap shot by Dmitrij Jaskin.
10:44 of 1st period - Deflect By Anton Lander.
10:44 of 1st period - Shot Misses the Net.
10:44 of 1st period - Puck is out of play.
10:45 of 1st period - Vincent Trocheck wins face-off versus Logan Shaw in Mulligans zone.
12:13 of 1st period - Snap shot by Daniel Carr.
12:13 of 1st period - Stopped by Calvin Pickard with a rebound.
12:15 of 1st period - Slapshot by Jarred Tinordi.
12:15 of 1st period - Stopped by Calvin Pickard without a rebound.
12:16 of 1st period - Anton Lander wins face-off versus Jonathan Marchessault in Mulligans zone.
12:27 of 1st period - Wrist shot by Daniel Carr.
12:27 of 1st period - Goal by Daniel Carr - Sewer Rats : 1 - Mulligans : 0.
12:28 of 1st period - Vincent Trocheck wins face-off versus Anton Lander in neutral zone.
13:17 of 1st period - Anton Lander is hit by Ryan Murphy and loses puck.
13:59 of 1st period - Joonas Donskoi is hit by Jarred Tinordi and loses puck.
14:24 of 1st period - Wrist shot by Sven Baertschi.
14:24 of 1st period - Shot Blocked by Nick Cousins.
14:58 of 1st period - Drayson Bowman is hit by Dmitrij Jaskin and loses puck.
15:07 of 1st period - Snap shot by Dmitrij Jaskin.
15:07 of 1st period - Stopped by Calvin Pickard with a rebound.
15:09 of 1st period - Slapshot by Steven Kampfer.
15:09 of 1st period - Stopped by Calvin Pickard with a rebound.
15:24 of 1st period - Slapshot by Mark Mancari.
15:24 of 1st period - Shot Misses the Net.
15:26 of 1st period - Wrist shot by Mark Mancari.
15:26 of 1st period - Shot Blocked by Cade Fairchild.
15:28 of 1st period - Slapshot by Mark Mancari.
15:28 of 1st period - Stopped by Calvin Pickard with a rebound.
15:38 of 1st period - Martin Frk is hit by Logan Shaw and loses puck.
15:43 of 1st period - Snap shot by Logan Shaw.
15:43 of 1st period - Goal by Logan Shaw - Sewer Rats : 1 - Mulligans : 1.
15:44 of 1st period - Anton Lander wins face-off versus Tomas Tatar in neutral zone.
16:24 of 1st period - Minor Penalty to Darren Dietz for Diving.
16:25 of 1st period - Vincent Trocheck wins face-off versus Eric Tangradi in Mulligans zone.
16:34 of 1st period - Snap shot by Vincent Trocheck.
16:34 of 1st period - Goal by Vincent Trocheck - Sewer Rats : 2 - Mulligans : 1.
16:35 of 1st period - Vincent Trocheck wins face-off versus Anton Lander in neutral zone.
16:46 of 1st period - Snap shot by Anton Lander.
16:46 of 1st period - Deflect By Eric Tangradi.
16:46 of 1st period - Shot Misses the Net.
16:46 of 1st period - Puck is out of play.
16:47 of 1st period - Anton Lander wins face-off versus Vincent Trocheck in Sewer Rats zone.
16:48 of 1st period - Snap shot by Jonathan Ferland.
16:48 of 1st period - Shot Misses the Net.
16:50 of 1st period - Slapshot by Cade Fairchild.
16:50 of 1st period - Shot Blocked by Jarred Tinordi.
16:52 of 1st period - Snap shot by Ben Hutton.
16:52 of 1st period - Shot Misses the Net.
16:57 of 1st period - Minor Penalty to Mark Mancari for Interference.
16:58 of 1st period - Anton Lander wins face-off versus Dmitrij Jaskin in Sewer Rats zone.
17:12 of 1st period - Snap shot by Eric Tangradi.
17:12 of 1st period - Shot Blocked by Jarred Tinordi.
17:14 of 1st period - Snap shot by Eric Tangradi.
17:14 of 1st period - Shot Blocked by Tomas Tatar.
17:24 of 1st period - Logan Shaw is hit by Steven Kampfer and loses puck.
17:31 of 1st period - Snap shot by Logan Shaw.
17:31 of 1st period - Shot Misses the Net.
17:33 of 1st period - Slapshot by Ben Hutton.
17:33 of 1st period - Stopped by Marek Mazanek with a rebound.
18:57 of 1st period - Penalty to Mark Mancari is over, Mark Mancari is back on ice.
19:25 of 1st period - Slapshot by Daniel Carr.
19:25 of 1st period - Stopped by Calvin Pickard with a rebound.
19:27 of 1st period - Slapshot by Joel Edmundson.
19:27 of 1st period - Shot Misses the Net.
19:29 of 1st period - Slapshot by Dmitrij Jaskin.
19:29 of 1st period - Deflect By Anthony Duclair.
19:29 of 1st period - Stopped by Calvin Pickard with a rebound.
19:31 of 1st period - Snap shot by Dmitrij Jaskin.
19:31 of 1st period - Stopped by Calvin Pickard with a rebound.
19:33 of 1st period - Slapshot by Ryan Murphy.
19:33 of 1st period - Shot Blocked by Robbie Russo.
Goals for this period are 2 for Sewer Rats vs 1 for Mulligans.
Shots for this period are 12 for Sewer Rats vs 3 for Mulligans.
2nd period
0:01 of 2nd period - Jonathan Marchessault wins face-off versus Anton Lander in neutral zone.
0:06 of 2nd period - Wrist shot by Erik Condra.
0:06 of 2nd period - Shot Misses the Net.
0:08 of 2nd period - Slapshot by Steven Kampfer.
0:08 of 2nd period - Stopped by Calvin Pickard without a rebound.
0:09 of 2nd period - Anton Lander wins face-off versus Jonathan Marchessault in Mulligans zone.
0:20 of 2nd period - Snap shot by Jonathan Ferland.
0:20 of 2nd period - Stopped by Marek Mazanek with a rebound.
0:42 of 2nd period - Snap shot by Erik Condra.
0:42 of 2nd period - Shot Misses the Net.
0:44 of 2nd period - Slapshot by Jarred Tinordi.
0:44 of 2nd period - Deflect By Jonathan Marchessault.
0:44 of 2nd period - Stopped by Calvin Pickard without a rebound.
0:45 of 2nd period - Vincent Trocheck wins face-off versus Maxime Macenauer in Mulligans zone.
1:10 of 2nd period - Connor Carrick is hit by Ben Hutton and loses puck.
1:35 of 2nd period - Backhand shot by Sven Baertschi.
1:35 of 2nd period - Shot Misses the Net.
1:41 of 2nd period - Snap shot by Sven Baertschi.
1:41 of 2nd period - Stopped by Marek Mazanek with a rebound.
2:35 of 2nd period - Wrist shot by Joonas Donskoi.
2:35 of 2nd period - Stopped by Marek Mazanek without a rebound.
2:36 of 2nd period - Nick Cousins wins face-off versus Sam Bennett in Sewer Rats zone.
2:59 of 2nd period - Robbie Russo is hit by John Ramage and loses puck.
3:08 of 2nd period - Slapshot by Martin Frk.
3:08 of 2nd period - Shot Blocked by Anton Lander.
3:10 of 2nd period - Slapshot by Jarred Tinordi.
3:10 of 2nd period - Shot Blocked by Jonathan Ferland.
3:16 of 2nd period - Snap shot by Nick Cousins.
3:16 of 2nd period - Shot Misses the Net.
3:20 of 2nd period - Snap shot by Nick Cousins.
3:20 of 2nd period - Deflect By Joseph Blandisi.
3:20 of 2nd period - Stopped by Calvin Pickard with a rebound.
3:22 of 2nd period - Slapshot by Martin Frk.
3:22 of 2nd period - Shot Misses the Net.
3:34 of 2nd period - Snap shot by Nick Cousins.
3:34 of 2nd period - Goal by Nick Cousins - Sewer Rats : 3 - Mulligans : 1.
3:35 of 2nd period - Anton Lander wins face-off versus Vincent Trocheck in neutral zone.
4:16 of 2nd period - Maxime Macenauer is hit by Jonathan Marchessault and loses puck.
4:27 of 2nd period - Backhand shot by Anthony Duclair.
4:27 of 2nd period - Shot Misses the Net.
4:31 of 2nd period - Slapshot by Anthony Duclair.
4:31 of 2nd period - Stopped by Calvin Pickard without a rebound.
4:32 of 2nd period - Jared McCann wins face-off versus Anton Lander in Mulligans zone.
4:35 of 2nd period - Snap shot by Anthony Duclair.
4:35 of 2nd period - Deflect By Anton Lander.
4:35 of 2nd period - Goal by Anthony Duclair - Sewer Rats : 4 - Mulligans : 1.
4:35 of 2nd period - Juuse Saros enters game.
4:36 of 2nd period - Anton Lander wins face-off versus Vincent Trocheck in neutral zone.
4:38 of 2nd period - Minor Penalty to Jonathan Ferland for Roughing.
4:39 of 2nd period - Eric Tangradi wins face-off versus Tomas Tatar in Mulligans zone.
6:07 of 2nd period - Drayson Bowman is hit by Daniel Carr and loses puck.
6:38 of 2nd period - Penalty to Jonathan Ferland is over, Jonathan Ferland is back on ice.
7:17 of 2nd period - Off-side.
7:18 of 2nd period - Anton Lander wins face-off versus Jared McCann in neutral zone.
7:30 of 2nd period - Slapshot by Ben Hutton.
7:30 of 2nd period - Deflect By Jonathan Ferland.
7:30 of 2nd period - Stopped by Marek Mazanek with a rebound.
7:40 of 2nd period - Snap shot by Matt Beleskey.
7:40 of 2nd period - Shot Misses the Net.
7:42 of 2nd period - Wrist shot by Maxime Macenauer.
7:42 of 2nd period - Goal by Maxime Macenauer - Sewer Rats : 4 - Mulligans : 2.
7:43 of 2nd period - Jonathan Ferland wins face-off versus Vincent Trocheck in neutral zone.
8:15 of 2nd period - Icing by Maxime Macenauer.
8:16 of 2nd period - Maxime Macenauer wins face-off versus Jonathan Marchessault in Mulligans zone.
8:22 of 2nd period - Jonathan Marchessault is hit by Matt Beleskey and loses puck.
8:47 of 2nd period - Slapshot by Matt Beleskey.
8:47 of 2nd period - Shot Misses the Net.
9:13 of 2nd period - Wrist shot by Nick Cousins.
9:13 of 2nd period - Stopped by Juuse Saros without a rebound.
9:14 of 2nd period - Jonathan Marchessault wins face-off versus Anton Lander in Mulligans zone.
9:22 of 2nd period - Minor Penalty to Joel Edmundson for Roughing.
9:23 of 2nd period - Anton Lander wins face-off versus Mark Mancari in Sewer Rats zone.
9:56 of 2nd period - Slapshot by Logan Shaw.
9:56 of 2nd period - Stopped by Marek Mazanek with a rebound.
11:01 of 2nd period - Maxime Macenauer is hit by Daniel Carr and loses puck.
11:22 of 2nd period - Penalty to Joel Edmundson is over, Joel Edmundson is back on ice.
12:03 of 2nd period - Wrist shot by Sven Baertschi.
12:03 of 2nd period - Shot Misses the Net.
12:05 of 2nd period - Backhand shot by Sven Baertschi.
12:05 of 2nd period - Stopped by Marek Mazanek with a rebound.
12:38 of 2nd period - Snap shot by Mark Mancari.
12:38 of 2nd period - Shot Misses the Net.
12:47 of 2nd period - Icing by Jarred Tinordi.
12:48 of 2nd period - Sven Baertschi wins face-off versus Vincent Trocheck in Sewer Rats zone.
12:51 of 2nd period - Wrist shot by Drayson Bowman.
12:51 of 2nd period - Stopped by Marek Mazanek with a rebound.
13:23 of 2nd period - Wrist shot by Jonathan Marchessault.
13:23 of 2nd period - Stopped by Juuse Saros without a rebound.
13:24 of 2nd period - Nick Cousins wins face-off versus Anton Lander in Mulligans zone.
13:25 of 2nd period - Wrist shot by Martin Frk.
13:25 of 2nd period - Shot Blocked by Eric Tangradi.
14:01 of 2nd period - Wrist shot by Daniel Carr.
14:01 of 2nd period - Shot Hit the Post.
14:26 of 2nd period - Icing by Sam Bennett.
14:27 of 2nd period - Jonathan Marchessault wins face-off versus Sam Bennett in Mulligans zone.
14:38 of 2nd period - Slapshot by Jonathan Marchessault.
14:38 of 2nd period - Stopped by Juuse Saros without a rebound.
14:39 of 2nd period - Anton Lander wins face-off versus Vincent Trocheck in Mulligans zone.
14:52 of 2nd period - Snap shot by Anton Lander.
14:52 of 2nd period - Deflect By Eric Tangradi.
14:52 of 2nd period - Shot Misses the Net.
14:52 of 2nd period - Puck is out of play.
14:53 of 2nd period - Jonathan Ferland wins face-off versus Vincent Trocheck in Sewer Rats zone.
15:02 of 2nd period - Snap shot by Vincent Trocheck.
15:02 of 2nd period - Stopped by Juuse Saros with a rebound.
16:09 of 2nd period - Wrist shot by Michael Sdao.
16:09 of 2nd period - Shot Blocked by John Ramage.
16:11 of 2nd period - Slapshot by Robby Fabbri.
16:11 of 2nd period - Shot Blocked by Connor Carrick.
16:16 of 2nd period - Minor Penalty to Vincent Trocheck for Tripping.
16:17 of 2nd period - Anton Lander wins face-off versus Mark Mancari in Sewer Rats zone.
16:48 of 2nd period - Dmitrij Jaskin is hit by Maxime Macenauer and loses puck.
17:10 of 2nd period - Icing by Jonathan Ferland.
17:11 of 2nd period - Mark Mancari wins face-off versus Anton Lander in Mulligans zone.
17:33 of 2nd period - Snap shot by Matt Beleskey.
17:33 of 2nd period - Stopped by Marek Mazanek with a rebound.
17:35 of 2nd period - Wrist shot by Maxime Macenauer.
17:35 of 2nd period - Stopped by Marek Mazanek with a rebound.
18:16 of 2nd period - Penalty to Vincent Trocheck is over, Vincent Trocheck is back on ice.
18:21 of 2nd period - Snap shot by Drayson Bowman.
18:21 of 2nd period - Shot Misses the Net.
18:23 of 2nd period - Slapshot by Darren Dietz.
18:23 of 2nd period - Deflect By Joonas Donskoi.
18:23 of 2nd period - Stopped by Marek Mazanek without a rebound.
18:24 of 2nd period - Sam Bennett wins face-off versus Nick Cousins in Sewer Rats zone.
18:57 of 2nd period - Snap shot by Maxime Macenauer.
18:57 of 2nd period - Shot Misses the Net.
18:59 of 2nd period - Slapshot by Logan Shaw.
18:59 of 2nd period - Shot Blocked by Connor Carrick.
19:43 of 2nd period - Connor Carrick is hit by Robby Fabbri and loses puck.
19:56 of 2nd period - Drayson Bowman is hit by Vincent Trocheck and loses puck.
Goals for this period are 2 for Sewer Rats vs 1 for Mulligans.
Shots for this period are 10 for Sewer Rats vs 11 for Mulligans.
3rd period
0:01 of 3rd period - Vincent Trocheck wins face-off versus Eric Tangradi in neutral zone.
0:16 of 3rd period - Snap shot by Eric Tangradi.
0:16 of 3rd period - Stopped by Marek Mazanek without a rebound.
0:17 of 3rd period - Maxime Macenauer wins face-off versus Jonathan Marchessault in Sewer Rats zone.
0:43 of 3rd period - Steven Kampfer is hit by Michael Sdao and loses puck.
1:06 of 3rd period - Slapshot by Jonathan Marchessault.
1:06 of 3rd period - Shot Blocked by Cody Goloubef.
1:08 of 3rd period - Slapshot by Daniel Carr.
1:08 of 3rd period - Shot Blocked by Drayson Bowman.
1:10 of 3rd period - Wrist shot by Jonathan Marchessault.
1:10 of 3rd period - Stopped by Juuse Saros with a rebound.
1:12 of 3rd period - Snap shot by Jonathan Marchessault.
1:12 of 3rd period - Stopped by Juuse Saros with a rebound.
1:14 of 3rd period - Snap shot by Erik Condra.
1:14 of 3rd period - Stopped by Juuse Saros with a rebound.
1:16 of 3rd period - Snap shot by Daniel Carr.
1:16 of 3rd period - Shot Blocked by Michael Sdao.
1:18 of 3rd period - Wrist shot by Daniel Carr.
1:18 of 3rd period - Stopped by Juuse Saros without a rebound.
1:19 of 3rd period - Vincent Trocheck wins face-off versus Anton Lander in Mulligans zone.
1:20 of 3rd period - Snap shot by Mark Mancari.
1:20 of 3rd period - Stopped by Juuse Saros with a rebound.
1:22 of 3rd period - Slapshot by Jarred Tinordi.
1:22 of 3rd period - Goal by Jarred Tinordi - Sewer Rats : 5 - Mulligans : 2.
1:23 of 3rd period - Anton Lander wins face-off versus Vincent Trocheck in neutral zone.
1:48 of 3rd period - Joseph Blandisi is hit by Ben Hutton and loses puck.
2:18 of 3rd period - Snap shot by Jonathan Marchessault.
2:18 of 3rd period - Stopped by Juuse Saros with a rebound.
2:20 of 3rd period - Slapshot by Jarred Tinordi.
2:20 of 3rd period - Shot Misses the Net.
2:22 of 3rd period - Snap shot by Jonathan Marchessault.
2:22 of 3rd period - Stopped by Juuse Saros without a rebound.
2:23 of 3rd period - Vincent Trocheck wins face-off versus Anton Lander in Mulligans zone.
2:24 of 3rd period - Wrist shot by Mark Mancari.
2:24 of 3rd period - Deflect By Eric Tangradi.
2:24 of 3rd period - Shot Misses the Net.
2:24 of 3rd period - Puck is out of play.
2:25 of 3rd period - Mark Mancari wins face-off versus Anton Lander in Mulligans zone.
2:57 of 3rd period - Mark Mancari is hit by Cade Fairchild and loses puck.
3:35 of 3rd period - Snap shot by Anthony Duclair.
3:35 of 3rd period - Stopped by Juuse Saros with a rebound.
3:37 of 3rd period - Slapshot by Connor Carrick.
3:37 of 3rd period - Stopped by Juuse Saros with a rebound.
3:39 of 3rd period - Snap shot by Anthony Duclair.
3:39 of 3rd period - Stopped by Juuse Saros with a rebound.
3:55 of 3rd period - Wrist shot by Nick Cousins.
3:55 of 3rd period - Stopped by Juuse Saros with a rebound.
3:59 of 3rd period - Snap shot by Martin Frk.
3:59 of 3rd period - Stopped by Juuse Saros without a rebound.
4:00 of 3rd period - Maxime Macenauer wins face-off versus Jonathan Marchessault in Mulligans zone.
4:25 of 3rd period - Minor Penalty to Jonathan Racine for Tripping.
4:26 of 3rd period - Mark Mancari wins face-off versus Anton Lander in Sewer Rats zone.
4:42 of 3rd period - Snap shot by Anton Lander.
4:42 of 3rd period - Goal by Anton Lander - Sewer Rats : 5 - Mulligans : 3.
4:43 of 3rd period - Anton Lander wins face-off versus Vincent Trocheck in neutral zone.
5:19 of 3rd period - Slapshot by Jonathan Marchessault.
5:19 of 3rd period - Goal by Jonathan Marchessault - Sewer Rats : 6 - Mulligans : 3.
5:20 of 3rd period - Anton Lander wins face-off versus Vincent Trocheck in neutral zone.
5:27 of 3rd period - Snap shot by Jonathan Ferland.
5:27 of 3rd period - Shot Blocked by Steven Kampfer.
5:51 of 3rd period - Wrist shot by Matt Beleskey.
5:51 of 3rd period - Stopped by Marek Mazanek with a rebound.
6:10 of 3rd period - Off-side.
6:11 of 3rd period - Drayson Bowman wins face-off versus Nick Cousins in neutral zone.
6:20 of 3rd period - Snap shot by Sam Bennett.
6:20 of 3rd period - Stopped by Marek Mazanek without a rebound.
6:21 of 3rd period - Vincent Trocheck wins face-off versus Anton Lander in Sewer Rats zone.
6:28 of 3rd period - Cody Goloubef is hit by Ryan Murphy and loses puck.
6:48 of 3rd period - Minor Penalty to Mark Mancari for Cross-checking.
6:49 of 3rd period - Anton Lander wins face-off versus Dmitrij Jaskin in Sewer Rats zone.
6:52 of 3rd period - Snap shot by Jonathan Ferland.
6:52 of 3rd period - Shot Blocked by Jarred Tinordi.
6:54 of 3rd period - Slapshot by Jonathan Ferland.
6:54 of 3rd period - Shot Misses the Net.
8:48 of 3rd period - Penalty to Mark Mancari is over, Mark Mancari is back on ice.
8:58 of 3rd period - Icing by Drayson Bowman.
8:59 of 3rd period - Joonas Donskoi wins face-off versus Nick Cousins in Mulligans zone.
8:59 of 3rd period - Joonas Donskoi is hit by Joseph Blandisi.
9:11 of 3rd period - Wrist shot by Martin Frk.
9:11 of 3rd period - Shot Blocked by Ben Hutton.
9:13 of 3rd period - Snap shot by Nick Cousins.
9:13 of 3rd period - Shot Blocked by Ben Hutton.
9:15 of 3rd period - Slapshot by Martin Frk.
9:15 of 3rd period - Stopped by Juuse Saros with a rebound.
9:35 of 3rd period - Slapshot by Sven Baertschi.
9:35 of 3rd period - Shot Misses the Net.
9:37 of 3rd period - Slapshot by Sven Baertschi.
9:37 of 3rd period - Stopped by Marek Mazanek with a rebound.
10:15 of 3rd period - Icing by Cody Goloubef.
10:16 of 3rd period - Nick Cousins wins face-off versus Maxime Macenauer in Mulligans zone.
10:43 of 3rd period - Slapshot by Cody Goloubef.
10:43 of 3rd period - Deflect By Eric Tangradi.
10:43 of 3rd period - Shot Misses the Net.
10:43 of 3rd period - Puck is out of play.
10:44 of 3rd period - Anton Lander wins face-off versus Vincent Trocheck in Sewer Rats zone.
10:45 of 3rd period - Snap shot by Jonathan Ferland.
10:45 of 3rd period - Deflect By Mark Mancari.
10:45 of 3rd period - Stopped by Marek Mazanek without a rebound.
10:46 of 3rd period - Vincent Trocheck wins face-off versus Anton Lander in Sewer Rats zone.
11:11 of 3rd period - Matt Beleskey is hit by Jonathan Marchessault and loses puck.
11:39 of 3rd period - Icing by Maxime Macenauer.
11:40 of 3rd period - Nick Cousins wins face-off versus Maxime Macenauer in Mulligans zone.
12:25 of 3rd period - Slapshot by Nick Cousins.
12:25 of 3rd period - Stopped by Juuse Saros without a rebound.
12:26 of 3rd period - Vincent Trocheck wins face-off versus Anton Lander in Mulligans zone.
12:26 of 3rd period - Minor Penalty to Tomas Tatar for Slashing.
12:27 of 3rd period - Anton Lander wins face-off versus Mark Mancari in Sewer Rats zone.
12:34 of 3rd period - Wrist shot by Jonathan Ferland.
12:34 of 3rd period - Goal by Jonathan Ferland - Sewer Rats : 6 - Mulligans : 4.
12:35 of 3rd period - Vincent Trocheck wins face-off versus Anton Lander in neutral zone.
13:00 of 3rd period - Erik Condra is hit by Michael Sdao and loses puck.
13:09 of 3rd period - Wrist shot by Matt Beleskey.
13:09 of 3rd period - Stopped by Marek Mazanek without a rebound.
13:10 of 3rd period - Vincent Trocheck wins face-off versus Anton Lander in Sewer Rats zone.
13:19 of 3rd period - Snap shot by Tomas Tatar.
13:19 of 3rd period - Stopped by Juuse Saros with a rebound.
14:06 of 3rd period - Wrist shot by Joonas Donskoi.
14:06 of 3rd period - Shot Misses the Net.
14:09 of 3rd period - Icing by Jared McCann.
14:10 of 3rd period - Anton Lander wins face-off versus Jared McCann in Sewer Rats zone.
14:13 of 3rd period - Snap shot by Jonathan Ferland.
14:13 of 3rd period - Goal by Jonathan Ferland - Sewer Rats : 6 - Mulligans : 5.
14:14 of 3rd period - Anton Lander wins face-off versus Vincent Trocheck in neutral zone.
14:17 of 3rd period - Mark Mancari is hit by Jonathan Ferland and loses puck.
14:28 of 3rd period - Wrist shot by Tomas Tatar.
14:28 of 3rd period - Shot Misses the Net.
14:30 of 3rd period - Snap shot by Mark Mancari.
14:30 of 3rd period - Stopped by Juuse Saros with a rebound.
14:41 of 3rd period - Minor Penalty to Jarred Tinordi for Slashing.
14:42 of 3rd period - Anton Lander wins face-off versus Mark Mancari in Sewer Rats zone.
15:17 of 3rd period - Wrist shot by Maxime Macenauer.
15:17 of 3rd period - Goal by Maxime Macenauer - Sewer Rats : 6 - Mulligans : 6.
15:18 of 3rd period - Sam Bennett wins face-off versus Jared McCann in neutral zone.
15:24 of 3rd period - Off-side.
15:25 of 3rd period - Jared McCann wins face-off versus Sam Bennett in neutral zone.
15:52 of 3rd period - Wrist shot by Drayson Bowman.
15:52 of 3rd period - Shot Blocked by Steven Kampfer.
16:10 of 3rd period - Slapshot by Drayson Bowman.
16:10 of 3rd period - Shot Misses the Net.
16:12 of 3rd period - Slapshot by Joonas Donskoi.
16:12 of 3rd period - Stopped by Marek Mazanek without a rebound.
16:13 of 3rd period - Nick Cousins wins face-off versus Anton Lander in Sewer Rats zone.
16:13 of 3rd period - Nick Cousins is hit by Eric Tangradi.
16:39 of 3rd period - Mark Mancari is hit by Cade Fairchild and loses puck.
17:04 of 3rd period - Wrist shot by Erik Condra.
17:04 of 3rd period - Shot Misses the Net.
18:22 of 3rd period - Snap shot by Cody Goloubef.
18:22 of 3rd period - Stopped by Marek Mazanek without a rebound.
18:23 of 3rd period - Nick Cousins wins face-off versus Sam Bennett in Sewer Rats zone.
18:23 of 3rd period - Nick Cousins is hit by Drayson Bowman.
18:32 of 3rd period - Off-side.
18:33 of 3rd period - Nick Cousins wins face-off versus Joonas Donskoi in neutral zone.
18:48 of 3rd period - Slapshot by Joonas Donskoi.
18:48 of 3rd period - Stopped by Marek Mazanek with a rebound.
18:50 of 3rd period - Snap shot by Sam Bennett.
18:50 of 3rd period - Shot Misses the Net.
18:52 of 3rd period - Slapshot by Joonas Donskoi.
18:52 of 3rd period - Shot Misses the Net.
18:54 of 3rd period - Wrist shot by Drayson Bowman.
18:54 of 3rd period - Shot Blocked by Steven Kampfer.
18:56 of 3rd period - Wrist shot by Drayson Bowman.
18:56 of 3rd period - Deflect By Sam Bennett.
18:56 of 3rd period - Stopped by Marek Mazanek without a rebound.
18:57 of 3rd period - Robby Fabbri wins face-off versus Anthony Duclair in Sewer Rats zone.
19:06 of 3rd period - Backhand shot by Ryan Murphy.
19:06 of 3rd period - Shot Blocked by Sven Baertschi.
19:08 of 3rd period - Wrist shot by Dmitrij Jaskin.
19:08 of 3rd period - Goal by Dmitrij Jaskin - Sewer Rats : 7 - Mulligans : 6.
19:09 of 3rd period - Anton Lander wins face-off versus Vincent Trocheck in neutral zone.
19:14 of 3rd period - Mulligans, Juuse Saros is pulled from the net.
19:46 of 3rd period - Jarred Tinordi is hit by Jonathan Ferland and loses puck.
Goals for this period are 3 for Sewer Rats vs 4 for Mulligans.
Shots for this period are 19 for Sewer Rats vs 14 for Mulligans.
Back to the Top